cohdb
Replays
Latest Replays
All Replays
Popular Replays
Top Player Replays
Match Explorer
How It Works
Community
CoH3 Stats
Reddit
Sign in to upload your games and track your stats! →
Sign in with Steam
Match 40955811
Unlisted
Match 40955811
Overview
Messages
Build Orders
End
Construct Infanterie Kompanie
MG 42 Machine Gun Team
MG 42 Machine Gun Team
GrW 34 Mortar Team
Selects Terror Battlegroup
Selects Machine Gun Camouflage
Construct Luftwaffe Kompanie
Jäger Squad
Jäger Squad
Jäger Squad
Flak 30 Anti-aircraft Gun Team
Medical Station
Selects Defend the Fatherland
Luftwaffe Officer Quarters
Support Elements
カルト_くん
Tek
WastedMetalProductions
минская 4
imc下等步枪兵fish
Sir Steffen
枫言
Alekel
0
0
Comments
sign in to comment!
No comments posted yet!